 Dungeon Crawl Stone Soup version 0.17-a0-963-gaa5423c (webtiles) character file.

26527 laxity the Arsonist (level 12, -4/72 HPs)
             Began as a Deep Elf Fire Elementalist on May 8, 2015.
             Was a High Priest of Vehumet.
             Slain by a spectral orc warrior
             ... wielding a +0 halberd
             ... summoned by Nergalle
              (11 damage)
             ... on level 4 of the Lair of Beasts on May 9, 2015.
             The game lasted 00:46:55 (20185 turns).

laxity the Arsonist (Deep Elf Fire Elementalist)   Turns: 20185, Time: 00:46:58

Health: -4/72      AC:  9    Str:  5    XL:     12   Next: 99%
Magic:  0/28       EV: 18    Int: 26    God:    Vehumet [*****.]
Gold:   927        SH:  0    Dex: 15    Spells: 8 memorised, 3 levels left

rFire  + . .     SeeInvis .     y - +1 quarterstaff
rCold  x . .     Clarity  .     a - +0 robe
rNeg   . . .     SustAb   .     (no shield)
rPois  .         Gourm    .     e - +0 helmet
rElec  .         Spirit   .     r - +0 cloak
rCorr  .         Warding  .     D - +0 pair of gloves
rMut   .         Stasis   .     i - +2 pair of boots
MR     +....                    (no amulet)
Stlth  ++........               z - ring of fire
                                u - ring of wizardry

@: lethally poisoned (-4 -> -30), about to teleport, drained, somewhat resistant
to hostile enchantments, unstealthy
A: sense surroundings 1
a: Renounce Religion


You were on level 4 of the Lair of Beasts.
You worshipped Vehumet.
Vehumet was extremely pleased with you.
You were hungry.

You visited 3 branches of the dungeon, and saw 14 of its levels.

You collected 927 gold pieces.

Inventory:

Hand weapons
 y - a +1 quarterstaff (weapon)
Armour
 a - a +0 robe (worn)
 e - a +0 helmet (worn)
 i - a +2 pair of boots (worn)
 n - a +1 buckler
 r - a +0 cloak (worn)
 D - a +0 pair of gloves (worn)
Jewellery
 u - a ring of wizardry (left hand)
 z - a ring of fire (right hand)
 H - a +4 ring of protection
 I - an uncursed ring of ice
 S - an uncursed ring of invisibility
Magical devices
 d - a wand of teleportation (0)
 l - a wand of draining (5)
 v - a wand of flame (23)
 C - a wand of fire (3)
 F - a wand of frost (40)
 J - a wand of fire (6)
 M - a wand of polymorph (12)
 Q - a wand of teleportation (3)
Scrolls
 h - 6 scrolls of remove curse
 B - a scroll of teleportation
 E - 6 scrolls of enchant weapon
 P - a scroll of fear
Potions
 j - 2 potions of cure mutation
 o - a potion of agility
 p - 2 potions of lignification
 s - a potion of degeneration
 w - a potion of ambrosia
 x - 2 potions of resistance
 A - 3 potions of brilliance
 L - 4 potions of curing
Books
 b - a book of Flames

   Spells                             Type                      Level
   a - Flame Tongue                   Conjuration/Fire             1
   b - Throw Flame                    Conjuration/Fire             2
   c - Conjure Flame                  Conjuration/Fire             3
   d - Inner Flame                    Hexes/Fire                   3
   e - Sticky Flame                   Conjuration/Fire             4
   f - Fireball                       Conjuration/Fire             5
 t - a Fen Folio

   Spells                             Type                      Level
   a - Corpse Rot                     Necromancy                   2
   b - Stone Arrow                    Conjuration/Earth            3
   c - Leda's Liquefaction            Hexes/Earth                  4
   d - Summon Forest                  Summoning/Translocation      5
   e - Hydra Form                     Transmutation                6
   f - Summon Hydra                   Summoning                    7
 K - a book of Enchantments

   Spells                             Type                      Level
   a - Cause Fear                     Hexes                        4
   b - Silence                        Hexes/Air                    5
   c - Deflect Missiles               Charms/Air                   6
   d - Haste                          Charms                       6
   e - Discord                        Hexes                        8
 O - a book of Cantrips

   Spells                             Type                      Level
   a - Corona                         Hexes                        1
   b - Animate Skeleton               Necromancy                   1
   c - Summon Small Mammal            Summoning                    1
   d - Apportation                    Translocation                1
Comestibles
 c - 10 bread rations
 k - 33 fruits
 m - 11 meat rations
 q - 2 royal jellies
 G - 5 slices of pizza
 N - a beef jerky


   Skills:
 + Level 7.3(6.6) Fighting
 - Level 6.1(5.3) Staves
 - Level 6.0(5.2) Armour
 - Level 10.0(9.1) Dodging
 - Level 2.4(1.7) Stealth
 - Level 10.0(9.1) Spellcasting
 - Level 10.0(9.2) Conjurations
 - Level 3.0(2.3) Translocations
 + Level 11.1(10.2) Fire Magic
 + Level 4.6(3.9) Air Magic


You had 3 spell levels left.
You knew the following spells:

 Your Spells              Type           Power        Failure   Level  Hunger
a - Flame Tongue          Conj/Fire      #####        1%          1    None
b - Throw Flame           Conj/Fire      ######       1%          2    None
c - Conjure Flame         Conj/Fire      #######.     1%          3    None
d - Sticky Flame          Conj/Fire      #######.     1%          4    #......
e - Fireball              Conj/Fire      #######...   1%          5    ####...
f - Apportation           Tloc           ###.......   1%          1    None
g - Deflect Missiles      Chrm/Air       ###.......   97%         6    ######.
h - Bolt of Fire          Conj/Fire      #######...   1%          6    ######.


Dungeon Overview and Level Annotations

Branches:
Dungeon (9/15)             Temple (1/1) D:7            Lair (4/8) D:9
  Swamp: Lair:3-6    Shoals: Lair:3-6     Snake: Lair:3-6    Spider: Lair:3-6
    Orc: D:9-12

Altars:
Ashenzari
Cheibriados
Dithmenos
Elyvilon
Fedhas
Gozag
Kikubaaqudgha
Makhleb
Nemelex Xobeh
Okawaru
Qazlal
Ru
Sif Muna
Trog
Vehumet
Xom
Yredelemnul
Zin
The Shining One

Annotations:
Lair:4 Nergalle


Innate Abilities, Weirdness & Mutations

You passively map a small area around you.


Message History

The spectral orc warrior barely misses you.
The spectral orc warrior misses you. The spectral orc hits you with a mace.
* * * LOW HITPOINT WARNING * * *
The spectral orc knight closely misses you.
Casting: Flame Tongue
Confirm with . or Enter, or press ? or * to list all spells.
Aiming: Flame Tongue
Press: ? - help, Shift-Dir - straight line, f/p - Nergalle
Aim: Nergalle, wielding a dagger of venom and wearing a robe (almost dead, covered in liquid flames, standing in death's doorway)
You feel a surge of power!
The flame tongue hits Nergalle.
Nergalle appears unharmed.
Nergalle is almost dead.
* * * LOW HITPOINT WARNING * * *
You feel very sick.
Nergalle burns!
Nergalle hits you but does no damage. The spectral orc closely misses you. x2
The spectral orc knight misses you.
The spectral orc warrior hits you but does no damage.
The spectral orc warrior hits you from afar with a halberd!
You die...

##.+##### #### ###
#.......# ##P.P+#.##
##.....## #.........
#......## #...(....
##......# #........
#.....+... +........
#Z<.Z.#*##*#.......#
##Zo### ######.## ##@#
##.# #ZZ# ####..#
####Z# #..#..#
###P##'## #.....##
#.......# ####P.##...
##......#####.#.(......
#............#........
##........P..#.........
#.......###...+........


You could see Nergalle (burning), 2 spectral orcs, 2 spectral orc warriors and 2
spectral orc knights.

Vanquished Creatures
  Josephine (Lair:4)
  4 hydras
  The ghost of PhazeDK the Fencer, a powerful HEGl of Ashenzari (Lair:2)
  A flayed ghost (D:9)
  4 elephants (Lair:4)
  A cyclops (D:9)
  Maurice (D:9)
  2 black mambas
  The ghost of Aesgard the Thaumaturge, an experienced DECj of Vehumet (D:7)
  3 komodo dragons
  A troll (D:9)
  15 blink frogs
  Prince Ribbit (Lair:2)
  Sigmund (D:3)
  A wyvern (D:8)
  4 wraiths (Lair:4)
  A basilisk (Lair:3)
  3 hippogriffs
  9 wolves
  Menkaure (D:6)
  29 yaks
  A deep elf fighter (D:9)
  6 porcupines
  9 water moccasins
  Duvessa (D:4)
  2 ice beasts
  A sky beast (D:9)
  A black bear (D:9)
  A phantom (D:6)
  3 centaurs
  10 ogres
  6 crocodiles
  4 big kobolds
  Blork the orc (D:6)
  The ghost of MordorOrchid the Sneak, an average SpBe of Trog (D:4)
  13 giant frogs
  A wyvern zombie (D:9)
  3 gnoll sergeants (D:9)
  Dowan (D:4)
  3 jellies
  5 scorpions
  7 wights (D:9)
  A crimson imp (D:5)
  3 giant frog zombies
  8 hounds
  2 giant frog skeletons
  6 orc priests
  A quasit (D:8)
  2 centaur skeletons
  11 iguanas
  6 orc wizards
  2 gnoll shamans (D:9)
  8 worker ants
  14 sheep
  2 hound zombies
  A hound skeleton (D:7)
  2 worker ant zombies
  12 gnolls
  9 adders
  13 river rats (Lair:2)
  2 shadow imps
  An adder skeleton (D:9)
  2 oozes
  An adder zombie (D:6)
  2 worms
  4 giant geckos
  22 orcs
  16 bats
  A bat skeleton (D:5)
  A bat zombie (D:5)
  18 goblins
  12 hobgoblins
  A ball python (D:2)
  3 giant cockroaches
  4 giant newts
  2 gnoll zombies (D:2)
  A goblin zombie (D:8)
  3 hobgoblin zombies (D:8)
  2 jackal skeletons
  22 kobolds
  2 kobold zombies (D:8)
  An orc skeleton (D:8)
  4 orc zombies (D:8)
  5 quokkas
  12 rats
  A fungus (Lair:4)
413 creatures vanquished.

Vanquished Creatures (others)
  A fungus (Lair:4)
  5 plants
6 creatures vanquished.

Grand Total: 419 creatures vanquished

Notes
Turn   | Place    | Note
--------------------------------------------------------------
     0 | D:1      | laxity, the Deep Elf Fire Elementalist, began the quest for the Orb.
     0 | D:1      | Reached XP level 1. HP: 10/10 MP: 6/6
   243 | D:1      | Upgraded the game from 0.17-a0-957-ga3519be to 0.17-a0-963-gaa5423c
   569 | D:1      | Reached XP level 2. HP: 13/15 MP: 1/8
   632 | D:1      | Learned a level 2 spell: Throw Flame
   739 | D:2      | Reached XP level 3. HP: 19/19 MP: 7/10
   745 | D:2      | Reached skill level 4 in Spellcasting
   995 | D:2      | Reached XP level 4. HP: 22/24 MP: 2/12
  1080 | D:2      | Learned a level 3 spell: Conjure Flame
  1085 | D:2      | Learned a level 4 spell: Sticky Flame
  1383 | D:2      | Found a basalt altar of Yredelemnul.
  1741 | D:3      | Noticed Sigmund
  1953 | D:3      | Found a sparkling altar of Nemelex Xobeh.
  2199 | D:3      | Killed Sigmund
  2199 | D:3      | Reached skill level 5 in Spellcasting
  2199 | D:3      | Reached XP level 5. HP: 14/28 MP: 1/14
  2494 | D:3      | Reached XP level 6. HP: 32/32 MP: 11/15
  2643 | D:4      | Noticed MordorOrchid's ghost (average SpBe)
  2648 | D:4      | Killed MordorOrchid's ghost
  2648 | D:4      | Reached skill level 5 in Fire Magic
  2673 | D:4      | Found an ancient bone altar of Kikubaaqudgha.
  3400 | D:4      | Found an opulent altar of Gozag.
  3411 | D:4      | Noticed Dowan
  3546 | D:4      | Noticed Duvessa
  3555 | D:4      | Killed Duvessa
  3555 | D:4      | Reached skill level 6 in Spellcasting
  3704 | D:5      | Entered Level 5 of the Dungeon
  3751 | D:4      | Reached skill level 5 in Conjurations
  3751 | D:4      | Reached XP level 7. HP: 36/36 MP: 11/18
  3761 | D:4      | Killed Dowan
  3761 | D:4      | Reached skill level 1 in Staves
  3873 | D:5      | Learned a level 5 spell: Fireball
  3908 | D:5      | Found a shimmering altar of Xom.
  4105 | D:5      | Reached skill level 1 in Fighting
  4360 | D:5      | Reached XP level 8. HP: 43/43 MP: 10/20
  4947 | D:5      | Reached skill level 7 in Spellcasting
  5416 | D:6      | Noticed Menkaure
  5423 | D:6      | Killed Menkaure
  6554 | D:6      | Noticed Blork the orc
  6560 | D:6      | Killed Blork the orc
  6560 | D:6      | Reached XP level 9. HP: 34/49 MP: 13/22
  6723 | D:6      | Reached skill level 5 in Staves
  6723 | D:6      | Reached skill level 5 in Dodging
  7340 | D:7      | Found a staircase to the Ecumenical Temple.
  7671 | D:7      | Found an opulent altar of Gozag.
  7672 | D:7      | Found a glowing silver altar of Zin.
  7937 | D:7      | Noticed Aesgard's ghost (experienced DECj)
  7949 | D:7      | Killed Aesgard's ghost
  7949 | D:7      | Reached skill level 8 in Spellcasting
  8370 | Temple   | Entered the Ecumenical Temple
  8621 | Temple   | Became a worshipper of Vehumet
  8851 | D:8      | Found a glowing golden altar of the Shining One.
  9275 | D:8      | Reached skill level 1 in Armour
  9329 | D:8      | Noticed a three-headed hydra
  9521 | D:8      | Killed a three-headed hydra
  9521 | D:8      | Reached skill level 9 in Spellcasting
  9521 | D:8      | Reached XP level 10. HP: 40/56 MP: 16/25
  9526 | D:8      | Acquired Vehumet's first power
  9526 | D:8      | Offered knowledge of Sandblast by Vehumet.
  9971 | D:8      | Gained mutation: You passively map a small area around you. [potion of beneficial mutation]
 10318 | D:9      | Noticed Maurice
 10331 | D:9      | Killed Maurice
 10435 | D:9      | Noticed a cyclops
 10443 | D:9      | Killed a cyclops
 10896 | D:9      | Offered knowledge of Sting by Vehumet.
 11275 | D:9      | Found a staircase to the Lair.
 11729 | D:9      | Reached skill level 10 in Spellcasting
 12104 | D:9      | Reached XP level 11. HP: 62/62 MP: 18/27
 12221 | D:9      | Offered knowledge of Ignite Poison by Vehumet.
 12358 | D:9      | Reached skill level 5 in Fighting
 12479 | D:9      | Acquired Vehumet's second power
 12596 | D:9      | Noticed a flayed ghost
 13044 | D:9      | Killed a flayed ghost
 13246 | Lair:1   | Entered Level 1 of the Lair of Beasts
 13272 | Lair:1   | Noticed a seven-headed hydra
 13280 | Lair:1   | Killed a seven-headed hydra
 13457 | Lair:1   | Offered knowledge of Dazzling Spray by Vehumet.
 13753 | Lair:2   | Noticed Prince Ribbit
 13763 | Lair:2   | Killed Prince Ribbit
 14165 | Lair:2   | Noticed PhazeDK's ghost (powerful HEGl)
 14184 | Lair:2   | Killed PhazeDK's ghost
 14583 | Lair:2   | Acquired Vehumet's third power
 15068 | Lair:1   | Offered knowledge of Throw Icicle by Vehumet.
 15722 | Lair:1   | Reached XP level 12. HP: 70/70 MP: 23/28
 16130 | Lair:2   | Learned a level 1 spell: Apportation
 16137 | Lair:2   | Learned a level 6 spell: Deflect Missiles
 16166 | Lair:2   | Noticed an eight-headed hydra
 16170 | Lair:2   | Killed an eight-headed hydra
 16170 | Lair:2   | Reached skill level 5 in Armour
 16674 | Lair:3   | Reached skill level 10 in Fire Magic
 16790 | Lair:3   | Reached skill level 1 in Air Magic
 18015 | Lair:4   | Reached skill level 10 in Dodging
 18180 | Lair:4   | Noticed Josephine
 18185 | Lair:4   | Killed Josephine
 18185 | Lair:4   | Reached skill level 10 in Conjurations
 18463 | Lair:4   | Reached skill level 1 in Translocations
 18701 | Lair:4   | Noticed a six-headed hydra
 18704 | Lair:4   | Killed a six-headed hydra
 19188 | Lair:4   | Noticed Nergalle
 19681 | Lair:4   | Reached skill level 11 in Fire Magic
 20077 | Lair:4   | Offered knowledge of Bolt of Fire by Vehumet.
 20085 | Lair:4   | Learned a level 6 spell: Bolt of Fire
 20185 | Lair:4   | Slain by a spectral orc warrior

Action                   |  1- 3 |  4- 6 |  7- 9 | 10-12 || total
-------------------------+-------+-------+-------+-------++-------
Melee: Quarterstaff      |       |       |    40 |    56 ||    96
 Cast: Flame Tongue      |    38 |    66 |   187 |   355 ||   646
       Throw Flame       |     2 |    39 |   125 |   256 ||   422
       Sticky Flame      |       |     1 |    10 |    80 ||    91
       Conjure Flame     |       |     1 |     6 |     9 ||    16
       Fireball          |       |       |       |    40 ||    40
  Use: Potion            |       |     2 |     2 |     8 ||    12
       Scroll            |       |     9 |     9 |     7 ||    25
  Eat: Chunk             |       |     9 |    15 |    35 ||    59
       Pizza             |       |       |     1 |     1 ||     2
       Beef jerky        |       |       |       |     2 ||     2
